| TOP OF THE 1ST |
|
Cedar Rapids Kernels batting - Pitching for Burlington Bees : LHP Curt Joseph
|
|
Pitching: LHP Curt Joseph
|
|
|
Batting: RHB J.J. Powers
|
0-0: Ball 1-0: Ball 2-0: Called Strike 2-1: Foul Ball, location: 2F 2-2: Ball 3-2: Foul Ball, location: 2F 3-2: SINGLE (Groundball, 13S, EV 73.8 MPH) (infield hit)
|
|
Batting: LHB Jim Pankratz
|
0-0: Ball J.J. Powers is caught stealing 2nd base 2-6 1-0: Ball 2-0: Fly out, F7 (Flyball, 7LM, EV 96.9 MPH)
|
|
Batting: RHB Mike Craver
|
0-0: Ball 1-0: Fly out, F8 (Flyball, 8RS, EV 95.0 MPH)
|
| Top of the 1st over - 0 runs, 1 hit, 0 errors, 0 left on base; Cedar Rapids 0 - Burlington 0 |
| BOTTOM OF THE 1ST |
|
Burlington Bees batting - Pitching for Cedar Rapids Kernels : LHP Bobby Molina
|
|
Pitching: LHP Bobby Molina
|
|
|
Batting: RHB Jonathan Ellis
|
0-0: Swinging Strike 0-1: Swinging Strike 0-2: Ball 1-2: Fly out, F9 (Flyball, 89S, EV 83.8 MPH)
|
|
Batting: RHB Ryan Munro
|
0-0: Ball 1-0: Ground out 6-3 (Groundball, 56, EV 103.8 MPH)
|
|
Batting: LHB Rusty Ney
|
0-0: Called Strike 0-1: Ball 1-1: DOUBLE (Line Drive, 9LM, EV 100.0 MPH)
|
|
Batting: RHB Melvin Gomez
|
0-0: Ball 1-0: Ball 2-0: Called Strike 2-1: Foul Ball, location: 2F 2-2: Foul Ball, location: 2F 2-2: Ball Wild Pitch! Rusty Ney to third 3-2: Ground out 6-3 (Groundball, 6, EV 106.3 MPH)
|
| Bottom of the 1st over - 0 runs, 1 hit, 0 errors, 1 left on base; Cedar Rapids 0 - Burlington 0 |
| TOP OF THE 2ND |
|
Cedar Rapids Kernels batting - Pitching for Burlington Bees : LHP Curt Joseph
|
|
Batting: RHB Matt Dunn
|
0-0: Ball 1-0: Ball 2-0: Swinging Strike 2-1: Foul Ball, location: 2F 2-2: Ball 3-2: Foul Ball, location: 2F 3-2: Strikes out swinging
|
|
Batting: SHB Shohei Fujii
|
0-0: Foul Ball, location: 2F 0-1: Ball 1-1: SOLO HOME RUN (Flyball, 89XD, EV 103.1 MPH), Distance : 421 ft
|
|
Batting: LHB Israel Montoya
|
0-0: Called Strike 0-1: Ball 1-1: Ground out U3 (Groundball, 3, EV 85.0 MPH)
|
|
Batting: LHB Mike Handrahan
|
0-0: Ball 1-0: Ground out 4-3 (Groundball, 4, EV 111.3 MPH)
|
| Top of the 2nd over - 1 run, 1 hit, 0 errors, 0 left on base; Cedar Rapids 1 - Burlington 0 |
| BOTTOM OF THE 2ND |
|
Burlington Bees batting - Pitching for Cedar Rapids Kernels : LHP Bobby Molina
|
|
Batting: LHB Bill Kirtley
|
0-0: Foul Ball, location: 2F 0-1: Ball 1-1: Ground out 4-3 (Groundball, 4, EV 79.4 MPH)
|
|
Batting: RHB Ryuji Ito
|
0-0: Ball 1-0: Called Strike 1-1: Foul Ball, location: 2F 1-2: Ball 2-2: Strikes out swinging
|
|
Batting: LHB Jorge Zermeno
|
0-0: Ball 1-0: Called Strike 1-1: Foul Ball, location: 2F 1-2: Ball 2-2: Foul Ball, location: 2F 2-2: Ball 3-2: Base on Balls
|
|
Batting: RHB Ben Herman
|
0-0: Called Strike 0-1: Ball 1-1: Ball 2-1: Swinging Strike 2-2: Strikes out swinging
|
| Bottom of the 2nd over - 0 runs, 0 hits, 0 errors, 1 left on base; Cedar Rapids 1 - Burlington 0 |
| TOP OF THE 3RD |
|
Cedar Rapids Kernels batting - Pitching for Burlington Bees : LHP Curt Joseph
|
|
Batting: RHB Jake Wirthlin
|
0-0: Called Strike 0-1: Ball 1-1: Ball 2-1: Foul Ball, location: 2F 2-2: Strikes out swinging
|
|
Batting: SHB Duri Chilemba
|
0-0: Ball 1-0: Fly out, F3 (Line Drive, 3, EV 68.1 MPH)
|
|
Batting: RHB J.J. Powers
|
0-0: Ball 1-0: Ball 2-0: Foul Ball, location: 2F 2-1: Foul Ball, location: 2F 2-2: Ball 3-2: SINGLE (Line Drive, 9LS, EV 88.8 MPH)
|
|
Batting: LHB Jim Pankratz
|
0-0: Ball 1-0: Foul Ball, location: 2F 1-1: Fielders Choice at 2nd, 6-4 (Groundball, 6, EV 85.0 MPH)
|
| Top of the 3rd over - 0 runs, 1 hit, 0 errors, 1 left on base; Cedar Rapids 1 - Burlington 0 |
| BOTTOM OF THE 3RD |
|
Burlington Bees batting - Pitching for Cedar Rapids Kernels : LHP Bobby Molina
|
|
Batting: SHB Tim Connell
|
0-0: Foul Ball, location: 2F 0-1: Foul Ball, location: 2F 0-2: Ball 1-2: Ground out 6-3 (Groundball, 56, EV 86.9 MPH)
|
|
Batting: RHB Jonathan Ellis
|
0-0: Ball 1-0: Ball 2-0: Ball 3-0: Called Strike 3-1: Base on Balls
|
|
Batting: RHB Ryan Munro
|
0-0: Foul Ball, location: 2F 0-1: Ball 1-1: Ball 2-1: Fly out, F9 (Flyball, 9, EV 91.3 MPH)
|
|
Batting: LHB Rusty Ney
|
0-0: Ball 1-0: Called Strike 1-1: Foul Ball, location: 2F 1-2: Ball Wild Pitch! Jonathan Ellis to second 2-2: Ball 3-2: Foul Ball, location: 2F 3-2: SINGLE (Groundball, 4MD, EV 106.9 MPH) Jonathan Ellis to third Runner from 3rd tries for Home, SAFE, throw by CF to home
|
|
Batting: RHB Melvin Gomez
|
0-0: Called Strike Rusty Ney steals 2nd, throwing error, E2 Rusty Ney to third 0-1: SINGLE (Groundball, 15S, EV 73.8 MPH) (infield hit) Rusty Ney scores
|
|
Batting: LHB Bill Kirtley
|
0-0: Ball 1-0: Called Strike 1-1: Foul Ball, location: 2F 1-2: Ball Melvin Gomez steals 2nd, throwing error, E2 Melvin Gomez to third 2-2: Foul Ball, location: 2F 2-2: Ground out 4-3 (Groundball, 13, EV 82.5 MPH)
|
| Bottom of the 3rd over - 2 runs, 2 hits, 2 errors, 1 left on base; Cedar Rapids 1 - Burlington 2 |
| TOP OF THE 4TH |
|
Cedar Rapids Kernels batting - Pitching for Burlington Bees : LHP Curt Joseph
|
|
Batting: RHB Mike Craver
|
0-0: Foul Ball, location: 2F 0-1: Called Strike 0-2: Strikes out swinging
|
|
Batting: RHB Matt Dunn
|
0-0: Ball 1-0: Foul Ball, location: 2F 1-1: Ground out 6-3 (Groundball, 6, EV 105.0 MPH)
|
|
Batting: SHB Shohei Fujii
|
0-0: Called Strike 0-1: Ball 1-1: Fly out, F8 (Flyball, 8LS, EV 75.6 MPH)
|
| Top of the 4th over - 0 runs, 0 hits, 0 errors, 0 left on base; Cedar Rapids 1 - Burlington 2 |
| BOTTOM OF THE 4TH |
|
Burlington Bees batting - Pitching for Cedar Rapids Kernels : LHP Bobby Molina
|
|
Batting: RHB Ryuji Ito
|
0-0: Swinging Strike 0-1: Swinging Strike 0-2: Ball 1-2: SINGLE (Groundball, 34D, EV 103.1 MPH)
|
|
Batting: LHB Jorge Zermeno
|
0-0: Called Strike Ryuji Ito is caught stealing 2nd base 2-6 0-1: Foul Ball, location: 2F 0-2: Ball 1-2: Strikes out looking
|
|
Batting: RHB Ben Herman
|
0-0: Ball 1-0: Called Strike 1-1: Called Strike 1-2: Strikes out looking
|
| Bottom of the 4th over - 0 runs, 1 hit, 0 errors, 0 left on base; Cedar Rapids 1 - Burlington 2 |
| TOP OF THE 5TH |
|
Cedar Rapids Kernels batting - Pitching for Burlington Bees : LHP Curt Joseph
|
|
Batting: LHB Israel Montoya
|
0-0: Swinging Strike 0-1: Ball 1-1: Called Strike 1-2: Strikes out swinging
|
|
Batting: LHB Mike Handrahan
|
0-0: Ball 1-0: Fly out, F7 (Flyball, 7S, EV 81.9 MPH)
|
|
Batting: RHB Jake Wirthlin
|
0-0: Called Strike 0-1: Ball 1-1: SINGLE (Groundball, 6MD, EV 95.6 MPH)
|
|
Batting: SHB Duri Chilemba
|
0-0: Called Strike 0-1: Ball 1-1: Ball 2-1: Swinging Strike 2-2: Foul Ball, location: 2F 2-2: Fly out, F9 (Flyball, 9, EV 88.8 MPH)
|
| Top of the 5th over - 0 runs, 1 hit, 0 errors, 1 left on base; Cedar Rapids 1 - Burlington 2 |
| BOTTOM OF THE 5TH |
|
Burlington Bees batting - Pitching for Cedar Rapids Kernels : LHP Bobby Molina
|
|
Batting: SHB Tim Connell
|
0-0: Called Strike 0-1: Ground out 6-3 (Groundball, 6S, EV 88.8 MPH)
|
|
Batting: RHB Jonathan Ellis
|
0-0: Called Strike 0-1: Ball 1-1: Called Strike 1-2: Strikes out looking
|
|
Batting: RHB Ryan Munro
|
0-0: Ball 1-0: Swinging Strike 1-1: Ground out 6-3 (Groundball, 6, EV 85.0 MPH)
|
| Bottom of the 5th over - 0 runs, 0 hits, 0 errors, 0 left on base; Cedar Rapids 1 - Burlington 2 |
| TOP OF THE 6TH |
|
Cedar Rapids Kernels batting - Pitching for Burlington Bees : LHP Curt Joseph
|
|
Batting: RHB J.J. Powers
|
0-0: Ball 1-0: Ball 2-0: Ground out 5-3 (Groundball, 56S, EV 86.9 MPH)
|
|
Batting: LHB Jim Pankratz
|
0-0: Called Strike 0-1: Called Strike 0-2: Ball 1-2: Foul Ball, location: 2F 1-2: Ball 2-2: Foul Ball, location: 2F 2-2: Ground out 5-3 (Groundball, 56S, EV 66.9 MPH)
|
|
Batting: RHB Mike Craver
|
0-0: Ball 1-0: Ground out 3-1 (Groundball, 34, EV 100.6 MPH)
|
| Top of the 6th over - 0 runs, 0 hits, 0 errors, 0 left on base; Cedar Rapids 1 - Burlington 2 |
| BOTTOM OF THE 6TH |
|
Burlington Bees batting - Pitching for Cedar Rapids Kernels : LHP Bobby Molina
|
|
Pitching: RHP Andy Symons
|
|
|
Batting: LHB Rusty Ney
|
0-0: Called Strike 0-1: Foul Ball, location: 2F 0-2: Ball 1-2: SINGLE (Groundball, 34S, EV 60.0 MPH) (infield hit)
|
|
Batting: RHB Melvin Gomez
|
0-0: Ball 1-0: Called Strike 1-1: Ball 2-1: Foul Ball, location: 2F 2-2: Foul Ball, location: 2F 2-2: Foul Ball, location: 2F 2-2: Foul Ball, location: 2F 2-2: Grounds into double play, 4-6-3 (Groundball, 34, EV 85.6 MPH)
|
|
Batting: LHB Bill Kirtley
|
0-0: Called Strike 0-1: Ball 1-1: SOLO HOME RUN (Flyball, 9LD, EV 96.9 MPH), Distance : 344 ft
|
|
Batting: RHB Ryuji Ito
|
0-0: Foul Ball, location: 2F 0-1: Ball 1-1: Ball 2-1: Called Strike 2-2: Ball 3-2: Foul Ball, location: 2F 3-2: Base on Balls
|
|
Batting: LHB Jorge Zermeno
|
0-0: Ball 1-0: Fly out, F9 (Flyball, 89S, EV 95.0 MPH)
|
| Bottom of the 6th over - 1 run, 2 hits, 0 errors, 1 left on base; Cedar Rapids 1 - Burlington 3 |
| TOP OF THE 7TH |
|
Cedar Rapids Kernels batting - Pitching for Burlington Bees : LHP Curt Joseph
|
|
Batting: RHB Matt Dunn
|
0-0: Ball 1-0: Swinging Strike 1-1: Ball 2-1: Fly out, F8 (Flyball, 8LS, EV 95.0 MPH)
|
|
Pitching: LHP Tyler Kenney
|
|
|
Batting: SHB Shohei Fujii
|
0-0: Called Strike 0-1: Swinging Strike 0-2: Strikes out swinging
|
|
Batting: LHB Israel Montoya
|
0-0: Foul Ball, location: 2F 0-1: Foul Ball, location: 2F 0-2: Strikes out swinging
|
| Top of the 7th over - 0 runs, 0 hits, 0 errors, 0 left on base; Cedar Rapids 1 - Burlington 3 |
| BOTTOM OF THE 7TH |
|
Burlington Bees batting - Pitching for Cedar Rapids Kernels : RHP Andy Symons
|
|
Batting: RHB Ben Herman
|
0-0: Ball 1-0: Ball 2-0: Foul Ball, location: 2F 2-1: DOUBLE (Groundball, 5L, EV 103.1 MPH)
|
|
Batting: SHB Tim Connell
|
0-0: Foul Ball, location: 2F 0-1: Foul Ball, location: 2F 0-2: Ball 1-2: Strikes out looking
|
|
Batting: RHB Jonathan Ellis
|
0-0: Foul Ball, location: 2F 0-1: Called Strike Ben Herman is caught stealing 3rd base 2-5 0-2: Ball 1-2: Ball 2-2: Ball 3-2: Foul Ball, location: 2F 3-2: Fly out, F7 (Flyball, 7, EV 90.0 MPH)
|
| Bottom of the 7th over - 0 runs, 1 hit, 0 errors, 0 left on base; Cedar Rapids 1 - Burlington 3 |
| TOP OF THE 8TH |
|
Cedar Rapids Kernels batting - Pitching for Burlington Bees : LHP Tyler Kenney
|
|
Batting: LHB Mike Handrahan
|
0-0: Ball 1-0: Called Strike 1-1: Fly out, F8 (Flyball, 8LD, EV 100.0 MPH)
|
|
Batting: RHB Jake Wirthlin
|
0-0: Called Strike 0-1: Foul Ball, location: 2F 0-2: Strikes out looking
|
|
Batting: SHB Duri Chilemba
|
0-0: Foul Ball, location: 2F 0-1: Fly out, F7 (Flyball, 7LS, EV 98.8 MPH)
|
| Top of the 8th over - 0 runs, 0 hits, 0 errors, 0 left on base; Cedar Rapids 1 - Burlington 3 |
| BOTTOM OF THE 8TH |
|
Burlington Bees batting - Pitching for Cedar Rapids Kernels : RHP Andy Symons
|
|
Pitching: LHP Mark Challinor
|
|
|
Batting: RHB Ryan Munro
|
0-0: Ball 1-0: Called Strike 1-1: Swinging Strike 1-2: Ball 2-2: Ball 3-2: Base on Balls
|
|
Batting: LHB Rusty Ney
|
0-0: Ball 1-0: Called Strike 1-1: Ball 2-1: Foul Ball, location: 2F 2-2: Strikes out looking
|
|
Batting: RHB Melvin Gomez
|
0-0: Called Strike 0-1: Foul Ball, location: 2F 0-2: Hit by Pitch Ryan Munro to second
|
|
Batting: LHB Bill Kirtley
|
0-0: Swinging Strike 0-1: Called Strike 0-2: Strikes out looking
|
|
Batting: RHB Ryuji Ito
|
0-0: Swinging Strike 0-1: Foul Ball, location: 2F 0-2: Strikes out looking
|
| Bottom of the 8th over - 0 runs, 0 hits, 0 errors, 2 left on base; Cedar Rapids 1 - Burlington 3 |
| TOP OF THE 9TH |
|
Cedar Rapids Kernels batting - Pitching for Burlington Bees : LHP Tyler Kenney
|
|
Pitching: RHP Trece Hunter
|
|
|
Batting: RHB J.J. Powers
|
0-0: Ball 1-0: Swinging Strike 1-1: Foul Ball, location: 2F 1-2: Strikes out looking
|
|
Batting: LHB Jim Pankratz
|
0-0: Ball 1-0: Ball 2-0: Called Strike 2-1: Called Strike 2-2: Strikes out swinging
|
|
Batting: RHB Mike Craver
|
0-0: Ball 1-0: Ball 2-0: Foul Ball, location: 2F 2-1: Ball 3-1: Foul Ball, location: 2F 3-2: Ground out 5-3 (Groundball, 56S, EV 70.0 MPH)
|
| Top of the 9th over - 0 runs, 0 hits, 0 errors, 0 left on base; Cedar Rapids 1 - Burlington 3 |
|